 Dungeon Crawl Stone Soup version 0.25-a0-292-gaa31f046c4 (webtiles) character file.

Game seed: 13601425970973701798, levelgen mode: classic

534 Borgoz the Cutter (level 7, -1/44 HPs)
             Began as a Kobold Fighter on Dec 15, 2019.
             Was an Initiate of Okawaru.
             Slain by Pikel
             ... wielding a +0 whip of freezing
              (8 damage)
             ... on level 5 of the Dungeon.
             The game lasted 00:06:49 (4492 turns).

Borgoz the Cutter (Kobold Fighter)                  Turns: 4492, Time: 00:06:49

Health: -1/44      AC:  6    Str: 19    XL:     7   Next: 49%
Magic:  7/7        EV: 14    Int:  9    God:    Okawaru [......]
Gold:   258        SH:  5    Dex: 14    Spells: 6/6 levels left

rFire    . . .     SeeInvis .   e - +2 dagger (venom)
rCold    . . .     Gourm    .   l - +0 buckler
rNeg     . . .     Faith    +   x - +0 ring mail
rPois    .         Spirit   .   (no helmet)
rElec    .         Reflect  .   (no cloak)
rCorr    .         Harm     .   c - +0 pair of gloves
MR       .....                  (no boots)
Stlth    ++........             r - amulet of faith
HPRegen  0.14/turn              o - +3 ring of strength
MPRegen  0.10/turn              (no ring)

@: flying
A: small, carnivore
a: Renounce Religion


You were on level 5 of the Dungeon.
You worshipped Okawaru.
Okawaru was noncommittal.
You were very full.

You visited 2 branches of the dungeon, and saw 6 of its levels.

You collected 258 gold pieces.

Inventory:

Hand Weapons
 a - a +0 rapier
 e - a +2 dagger of venom (weapon)
Armour
 c - a +0 pair of gloves (worn)
 d - the +0 robe of Wrong Decisions {rPois rC+ Str+6, unknown}
   (You found it on level 4 of the Dungeon)

   It affects your strength (+6).
   It protects you from cold.
   It protects you from poison.
 l - a +0 buckler (worn)
 x - a +0 ring mail (worn)
Jewellery
 o - a +3 ring of strength (left hand)
 r - an amulet of faith (around neck)
 s - an uncursed ring of flight
Scrolls
 g - 2 scrolls of remove curse
 k - 4 scrolls of enchant weapon {unknown}
 m - a scroll of blinking {unknown}
 p - 4 scrolls of noise {unknown}
 t - 2 scrolls of immolation {unknown}
 u - 2 scrolls of teleportation {unknown}
 v - a scroll of fear
 w - a scroll of magic mapping
Potions
 b - a potion of mutation {unknown}
 j - a potion of curing
 n - a potion of haste
 q - 2 potions of brilliance
Comestibles
 f - 12 rations


   Skills:
 + Level 4.5 Fighting
 + Level 4.7 Short Blades
 + Level 3.4 Armour
 + Level 3.4 Dodging
 + Level 3.8 Stealth
 + Level 3.4 Shields
 + Level 1.2 Invocations


You had 6 spell levels left.
You didn't know any spells.
Your spell library contained the following spells:

 Spells                   Type           Power        Failure   Level  Hunger
 Animate Skeleton         Necr           N/A          63%         1    ##.....
 Apportation              Tloc           #.....       63%         1    ##.....
 Confusing Touch          Hex            #.....       63%         1    ##.....
 Summon Small Mammal      Summ           #...         63%         1    ##.....


Dungeon Overview and Level Annotations

Branches:
Dungeon (5/15)             Temple (1/1) D:4

Altars:
Ashenzari
Dithmenos
Elyvilon
Fedhas
Gozag
Hepliaklqana
Makhleb
Nemelex Xobeh
Okawaru
Qazlal
Ru
Sif Muna
Trog
Uskayaw
Vehumet
Wu Jian
Xom
Yredelemnul
Zin
The Shining One

Annotations:
D:4 1 runed translucent door, ConnectionFaild's ghost, amateur OpWz
D:5 Pikel


Innate Abilities, Weirdness & Mutations

You are small and have problems with some larger weapons.
You are carnivorous and can eat meat at any time.


Message History

* * * LOW HITPOINT WARNING * * *
The slave closely misses you.
You feel better. You block Pikel's attack. The slave barely misses you.
Pikel misses you.
You kill the slave!
That felt strangely unrewarding.
You hit Pikel but do no damage.
Pikel is moderately wounded.
Pikel hits you but does no damage.
You barely miss Pikel.
Pikel is moderately wounded.
Pikel says, "You'll fetch a fair price!"
Pikel hits you with a +0 whip of freezing.
* * * LOW HITPOINT WARNING * * *
Pikel freezes you.
* * * LOW HITPOINT WARNING * * *
You closely miss Pikel.
Pikel is moderately wounded.
Pikel hits you with a +0 whip of freezing!
You die...

#.# #.# ####.#........
#p#######.# #......#.##
#...p.....# #........#
#####.####### #.##...###
#.#.....# #......#
#.#.###.########.#.##.####
#...# #.......## #####...#
###.###.#####.# #8..#....
#.....K@.# #_.......
##....##.......#8..#....
####.# ###.########...#
#.# # #..###..# #.. #..#
#... #### ##.###.##
#.....# ##...####
#.......#


You could see Pikel.

Vanquished Creatures
  An ice beast (D:5)
  4 slaves (D:5)
  A water moccasin zombie (D:5)
  An orc priest (D:3)
  Jessica (D:2)
  A worker ant (D:4)
  3 orc wizards
  Natasha (thrice) (D:2)
  A worker ant zombie (D:4)
  3 gnolls (D:4)
  An adder (D:2)
  An ooze (D:1)
  4 dart slugs
  16 orcs
  4 giant cockroaches
  5 goblins
  5 hobgoblins
  5 jackals
  3 kobolds
  2 quokkas
  2 ball pythons
  5 bats
  4 frilled lizards
  7 rats
83 creatures vanquished.

Notes
Turn   | Place    | Note
-------+----------+-------------------------------------------
     0 | D:1      | Borgoz the Kobold Fighter began the quest for the Orb.
     0 | D:1      | Reached XP level 1. HP: 14/14 MP: 1/1
   120 | D:1      | Reached XP level 2. HP: 13/19 MP: 2/2
   370 | D:1      | Reached skill level 1 in Dodging
   474 | D:1      | Reached skill level 1 in Stealth
   650 | D:1      | Reached XP level 3. HP: 23/23 MP: 3/3
  1291 | D:2      | Noticed Jessica
  1297 | D:2      | Killed Jessica
  1297 | D:2      | Reached XP level 4. HP: 29/29 MP: 4/4
  1341 | D:2      | Noticed Natasha
  1348 | D:2      | Killed Natasha
  1419 | D:2      | Noticed Natasha
  1427 | D:2      | Killed Natasha
  1427 | D:2      | Reached XP level 5. HP: 29/33 MP: 5/5
  1646 | D:2      | Noticed Natasha
  1656 | D:2      | Killed Natasha
  1820 | D:2      | Found a blossoming altar of Fedhas.
  2179 | D:3      | Reached XP level 6. HP: 13/38 MP: 6/6
  2476 | D:3      | Found a shadowy altar of Dithmenos.
  2863 | D:3      | Found a glowing golden altar of the Shining One.
  2863 | D:3      | Found a glowing silver altar of Zin.
  2994 | D:4      | Found a staircase to the Ecumenical Temple.
  3033 | Temple   | Entered the Ecumenical Temple
  3101 | Temple   | Became a worshipper of Warmaster Okawaru
  3320 | D:4      | Got a thick robe
  3406 | D:4      | Found a runed translucent door.
  3409 | D:4      | Noticed ConnectionFaild's ghost (amateur OpWz)
  3790 | D:5      | Entered Level 5 of the Dungeon
  3813 | D:5      | Reached XP level 7. HP: 44/44 MP: 7/7
  3859 | D:5      | Found an opulent altar of Gozag.
  3958 | D:5      | Reached skill level 1 in Invocations
  4080 | D:5      | Found an opulent altar of Gozag.
  4390 | D:5      | Noticed Pikel
  4492 | D:5      | Slain by Pikel

Levels and vault maps discovered:
D:1:      dpeg_arrival_renting, layout_loops_corners
D:2:      layout_basic, marbit_many_paths, hangedman_decor_points, uniq_natasha,
          uniq_jessica
D:3:      layout_basic, grunt_temple_overflow_open, wad_orctagon
D:4:      lemuel_upstairs_altar, layout_loops_ring,
          minmay_temple_entry_mini_moons, ebering_ghost_sewer_d, first_ration
D:5:      layout_loops_cross, lemuel_doored_altar,
          chequers_serial_rivers_room_a, grunt_gozag_breadcrumbs, uniq_pikel
Temple:   regret_index_temple_generic_petals

Skill      XL: |  1  2  3  4  5  6  7 |
---------------+----------------------+-----
Short Blades   | 3 4 |  4.7
Dodging        | 1 2 3 |  3.4
Stealth        | 1 2 3 |  3.8
Armour         | 3 |  3.4
Fighting       | 4 |  4.5
Shields        | 3 |  3.4
Invocations    | 1 |  1.2

Action                   |  1- 3 |  4- 6 |  7- 9 || total
-------------------------+-------+-------+-------++-------
Melee: Rapier            |    32 |       |       ||    32
       Dagger            |    47 |   180 |    66 ||   293
  Use: Scroll            |       |     6 |     3 ||     9
       Potion            |       |     1 |     4 ||     5
  Eat: Chunk             |     4 |    13 |     1 ||    18
Armor: Scale mail        |    23 |    43 |       ||    66
       Ring mail         |       |       |    17 ||    17
Dodge: Dodged            |    27 |    67 |    39 ||   133
Block: Shield            |    25 |    69 |       ||    94
       Buckler           |       |     8 |    19 ||    27

Table legend:
 A = Non-vault XP
 B = Vault XP
 C = Vault XP percentage of total XP
 D = Non-vault monster count
 E = Vault monster count
 F = Vault count percentage of total count
                 A         B        C        D         E       F
            +---------+---------+-------+---------+---------+-------
      Total |     678 |      85 |  11.1 |      72 |       7 |   8.9
            +---------+---------+-------+---------+---------+-------
        D:1 |      43 |       0 |   0.0 |      20 |       0 |   0.0
        D:2 |      99 |      73 |  42.4 |      13 |       3 |  18.8
        D:3 |     134 |      12 |   8.2 |      27 |       4 |  12.9
        D:4 |      97 |       0 |   0.0 |       6 |       0 |   0.0
        D:5 |     305 |       0 |   0.0 |       6 |       0 |   0.0
            +---------+---------+-------+---------+---------+-------
